 Dungeon Crawl Stone Soup version 0.28.0-53-g5a82cb258f (webtiles) character file.

Game seed: 4934772090632047720

359 Descartes the Shield-Bearer (level 6, -1/46 (48) HPs)
             Began as a Formicid Fighter on June 28, 2022.
             Killed by divine providence
             ... invoked by an orc priest
              (14 damage)
             ... on level 3 of the Dungeon.
             The game lasted 00:04:33 (2482 turns).

Descartes the Shield-Bearer (Formicid Fighter)      Turns: 2482, Time: 00:04:33

HP:   -1/46 (48)    AC:  7    Str: 22    XL:     6   Next: 97%
MP:   9/9           EV:  9    Int:  8    God:
Gold: 165           SH:  4    Dex: 10    Spells: 9/9 levels left

rFire   . . .      SeeInvis +   f - +3 whip (venom)
rCold   . . .      Faith    .   c - +0 buckler
rNeg    . . .      Spirit   .   b - +0 scale mail
rPois   .          Reflect  .   (helmet unavailable)
rElec   .          Harm     .   (no cloak)
rCorr   .          Rampage  .   (no gloves)
Will    +....                   (no boots)
Stlth   ..........              (no amulet)
HPRegen 0.15/turn               h - ring of willpower
MPRegen 0.11/turn               n - ring of flight

@: flying, lightly drained
A: permanent stasis, dig shafts and tunnels, antennae 3, four strong arms
a: Dig, Shaft Self


You were on level 3 of the Dungeon.
You visited 1 branch of the dungeon, and saw 3 of its levels.

You collected 165 gold pieces.

Inventory:

Hand Weapons
 a - a +0 war axe
 f - a +3 whip of venom (weapon)
Missiles
 e - 94 stones
 g - 6 boomerangs
 i - 2 javelins
 j - 20 bolts
Armour
 b - a +0 scale mail (worn)
 c - a +0 buckler (worn)
 o - an orb of light
Jewellery
 h - a ring of willpower (left hand)
 n - a ring of flight (right hand)
Wands
 q - a wand of flame (21)
Scrolls
 k - a scroll of enchant armour {unknown}
 m - 2 scrolls of fog {unknown}
 p - a scroll of identify {unknown}
Potions
 d - a potion of might
 l - a potion of degeneration {unknown}


   Skills:
 + Level 4.3 Fighting
 + Level 3.1(3.4) Axes
 + Level 1.7(2.7) Maces & Flails
 + Level 4.2 Armour
 + Level 4.7 Shields
 + Level 2.2 Spellcasting
 + Level 2.1 Translocations


You had 9 spell levels left.
You didn't know any spells.
Your spell library contained the following spells:

 Spells                   Type           Power      Damage    Failure   Level
 Animate Dead             Necr           0%         N/A       100%        4
 Haunt                    Necr/Summ      0%         N/A       100%        7
 Infestation              Necr           0%         N/A       100%        8


Dungeon Overview and Level Annotations

Branches:
Dungeon (3/15)

Altars:
Qazlal


Innate Abilities, Weirdness & Mutations

You cannot be hasted, slowed, berserked, paralysed or teleported.
You can dig through walls and to a lower floor.
You have a pair of large antennae on your head. (SInv)
Your four strong arms can wield two-handed weapons with a shield.


Message History

The orc wizard looks as sick as possible!
The orc wizard is moderately wounded.
The orc wizard hits you but does no damage.
You hit the orc wizard.
The orc wizard looks as sick as possible!
The orc wizard is severely wounded.
You kill the orc wizard!
You whack the goblin!
You kill the goblin!
You barely miss the orc. The orc barely misses you.
You hit the orc.
The orc is poisoned.
The orc is moderately wounded.
The orc hits you with a +0 hand axe.
* * * LOW HITPOINT WARNING * * *
You barely miss the orc.
The orc is heavily wounded.
You block the orc's attack.
You closely miss the orc.
The orc is almost dead.
You kill the orc!
You hit the orc priest but do no damage.
The orc priest looks even sicker.
The orc priest is almost dead.
The orc priest hits you but does no damage.
The orc priest barely misses you.
You hit the orc priest.
You kill the orc priest!
The ball python barely misses you. x2
You completely miss the ball python.
The ball python bites you but does no damage.
The ball python grabs you. The ball python constricts you.
* * * LOW HITPOINT WARNING * * *
You hit the ball python.
The ball python is poisoned.
The ball python is severely wounded.
You kill the ball python!
You closely miss the orc priest. You block the orc priest's attack.
You closely miss the orc priest.
The orc priest mumbles some strange prayers to Beogh against you.
Beogh smites you!
You die...

.##.....##.#.#.#.#
.##.....##.#.#.#.#
......#.##.#.#.#.#########
...............#..g.......
................o..)S.....
################...o......
#.######### ##o# #@## ###


You could see an orc priest.

Vanquished Creatures
  An ogre (D:3)
  An iguana (D:3)
  An orc priest (D:3)
  2 orc wizards (D:3)
  Ijyb (D:3)
  5 adders (D:2)
  A worm (D:2)
  4 orcs (D:3)
  8 bats
  9 endoplasms
  5 goblins
  8 hobgoblins
  5 jackals (D:1)
  11 kobolds
  A quokka (D:2)
  6 ball pythons
  6 frilled lizards
  16 rats
91 creatures vanquished.

Vanquished Creatures (others)
  2 withered plants (D:1)
2 creatures vanquished.

Grand Total: 93 creatures vanquished

Notes
Turn   | Place    | Note
-------+----------+-------------------------------------------
     0 | D:1      | Descartes the Formicid Fighter began the quest for the Orb.
     0 | D:1      | Reached XP level 1. HP: 18/18 MP: 1/1
    42 | D:1      | Reached XP level 2. HP: 21/24 MP: 2/2
   365 | D:1      | Reached XP level 3. HP: 29/29 MP: 2/4
   676 | D:1      | Reached skill level 1 in Translocations
   710 | D:1      | Found a faded altar of an unknown god.
   892 | D:1      | Reached skill level 1 in Spellcasting
   897 | D:1      | Reached XP level 4. HP: 34/36 MP: 5/5
  1556 | D:2      | Reached XP level 5. HP: 40/42 MP: 6/6
  1897 | D:3      | Reached skill level 1 in Maces & Flails
  2110 | D:3      | Noticed Ijyb
  2118 | D:3      | Killed Ijyb
  2201 | D:3      | Noticed an ogre
  2208 | D:3      | Killed an ogre
  2209 | D:3      | Reached XP level 6. HP: 28/48 MP: 7/9
  2386 | D:3      | Found a stormy altar of Qazlal.
  2482 | D:3      | Killed from afar by an orc priest

Illustrated notes

Levels and vault maps discovered:
D:1:      ncdulo_wetmaze, layout_rooms, ebering_ecumenical_altar_petrified,
          hangedman_decor_opposing, minmay_ruptured
D:2:      minmay_alternating_diamond, layout_basic, minmay_rat_gold_closets
D:3:      layout_loops_ring, mainiacjoe_overflow_surrounded_room,
          minmay_misc_feat_chi, uniq_ijyb

Skill      XL: |  1  2  3  4  5  6 |
---------------+-------------------+-----
Shields        | 4 |  4.7
Translocations | 1 2 |  2.1
Spellcasting   | 1 2 |  2.2
Maces & Flails | 1 |  1.7
Fighting       | 4 |  4.3
Axes           | 3 |  3.1
Armour         | 4 |  4.2

Action                   |  1- 3 |  4- 6 || total
-------------------------+-------+-------++-------
Melee: War axe           |    79 |       ||    79
       Whip              |    16 |   128 ||   144
 Abil: Dig               |       |     1 ||     1
Armor: Scale mail        |    48 |    51 ||    99
Dodge: Dodged            |    58 |    46 ||   104
Block: Buckler           |    20 |    28 ||    48
